 Dungeon Crawl Stone Soup version 0.29.1-debian-1-gc3f1650bb9 (webtiles) character file.

Game seed: 2800475373109974595

35 ytrimaz the Chopper (level 3, 22/28 HPs)
             Began as a Demonspawn Gladiator on Sept 12, 2022.
             Quit the game on level 2 of the Dungeon.
             The game lasted 00:01:09 (1402 turns).

ytrimaz the Chopper (Demonspawn Gladiator)          Turns: 1402, Time: 00:01:10

Health: 22/28      AC:  4    Str: 16    XL:     3   Next: 16%
Magic:  3/3        EV: 12    Int:  9    God:
Gold:   99         SH:  0    Dex: 14    Spells: 2/2 levels left

rFire   . . .      SeeInvis .   a - +0 war axe
rCold   . . .      Faith    .   (no shield)
rNeg    . . .      Spirit   .   b - +0 leather armour
rPois   .          Reflect  .   c - +0 helmet
rElec   .          Harm     .   (no cloak)
rCorr   .          Rampage  .   (no gloves)
Will    .....                   (no boots)
Stlth   +.........              (no amulet)
HPRegen 0.09/turn               (no ring)
MPRegen 0.08/turn               (no ring)

@: no status effects
A: hooves 1, demonic magic 1
a: no special abilities


You were on level 2 of the Dungeon.
You visited 1 branch of the dungeon, and saw 2 of its levels.

You collected 99 gold pieces.


Innate Abilities, Weirdness & Mutations

You have large cloven feet.
Spells you cast may paralyse adjacent enemies.


   Skills:
 + Level 2.9 Fighting
 + Level 3.3 Axes
 - Level 1.7 Throwing
 - Level 2.6 Dodging


You had 2 spell levels left.
You didn't know any spells.
Your spell library was empty.

Inventory:

Hand Weapons
 a - a +0 war axe (weapon)
Missiles
 d - 3 throwing nets (quivered)
 e - a javelin
Armour
 b - a +0 leather armour (worn)
 c - a +0 helmet (worn)
Wands
 l - a wand of mindburst (6)
   (You found it on level 2 of the Dungeon)
Scrolls
 j - a scroll of teleportation
 n - a scroll of identify {unknown}
Potions
 f - a potion of berserk rage {unknown}
 g - a potion of resistance {unknown}
 h - a potion of cancellation {unknown}
 i - a potion of heal wounds {unknown}
 k - a potion of mutation {unknown}
 m - 2 potions of attraction {unknown}

Dungeon Overview and Level Annotations

Branches:
Dungeon (2/15) Zot: 10576

Altars:

## .# ######### .#
#........ #######
.#######........ .......
................ .......
#####........... .......
.....>..#########.......
#####.#.##......@†......
....#.#.##.....##)......
......#.##.....# .......
###.#.#.####'### .......
#.#......#.# .......
#.#.#......# .......
#.#.####.### .......
#.#......######.......
#.#.###...........


There were no monsters in sight!


Message History

There is an escape hatch in the floor here.
You slide downwards.
The hatch slams shut behind you.
Your library has no spells.
Sorry, you're not good enough to have a special ability.
The ball python hisses angrily.
The ball python bites you but does no damage.
The ball python grabs you. The ball python constricts you.
The ball python bites you but does no damage.
The ball python constricts you.
You hit the ball python.
You kill the ball python!
Unknown command.
k - a fuming ruby potion An endoplasm comes into view.
Unknown command.
An endoplasm is nearby!
An endoplasm is nearby!
An endoplasm is nearby!
The endoplasm quivers.
You slash the endoplasm!
You kill the endoplasm!
No target in view!
Found a stone staircase leading up.
You open the door.
There is an open door here.
Key pressed, stopping explore.
Key pressed, stopping explore.
A frilled lizard comes into view.
You see here a wand of mindburst (6).
A frilled lizard is nearby!
A frilled lizard is nearby!
The frilled lizard hisses angrily.
The frilled lizard misses you.
A frilled lizard is nearby!
You barely miss the frilled lizard. The frilled lizard bites you.
The frilled lizard closely misses you. 😕 HP[-2]
You take 2 damage, and now have 21/23 hp.
You slash the frilled lizard!
You kill the frilled lizard!
No target in view!
l - a wand of mindburst (6) 😎 HP[+2]
Your hp is fully restored (23).
No target in view!
Found a stone staircase leading down.
No target in view!
No target in view!
m - 2 white potions No target in view!
There is a stone staircase leading down here.
There is a stone staircase leading down here.
n - a scroll labelled WID QUDGHOAROUCK No target in view!
There is a stone staircase leading down here.
You open the door.
There is an open door here.
An adder comes into view.
The adder hisses angrily.
An adder is nearby!
A ball python comes into view.
A kobold comes into view. It is wielding a +0 dagger.
There are monsters nearby!
You closely miss the adder.
The ball python hisses angrily.
You kick the adder, but do no damage. The adder barely misses you.
The adder bites you. 😕 HP[-1]
You take 1 damage, and now have 22/23 hp.
You completely miss the adder. The adder bites you but does no damage.
There are monsters nearby!
You hit the adder. Your kick misses the adder.
The adder bites you but does no damage. The adder closely misses you.
There are monsters nearby!
You hit the adder. Your punch misses the adder. You hit the ball python.
You kill the ball python!
The adder closely misses you. The adder misses you.
There are monsters nearby!
You barely miss the adder. Your punch misses the adder.
The adder closely misses you. The kobold hits you but does no damage.
The adder barely misses you.
You hit the adder. You barely miss the kobold. The adder bites you.
The kobold hits you with a +0 dagger. 😕 HP[-4]
You take 4 damage, and now have 18/23 hp.
You slash the adder!
You kill the adder!
You hit the kobold.
You kill the kobold!
You have reached level 3!
Your experience leads to an increase in your attributes!
Increase (S)trength, (I)ntelligence, or (D)exterity?
You feel stronger. x2; Your demonic ancestry asserts itself...
A menacing aura infuses your magic. 😕 HP[+4] MP[+1]
You now have 28 max hp (+5).
You regained 4 hp, and now have 22/28 hp.
Your mp is fully restored (3).
Are you sure you want to abandon this character and quit the game? (Confirm with "yes".)

Skill      XL: |  1 |
---------------+----+-----
Axes           | 3 |  3.3
Fighting       | |  2.9
Throwing       | |  1.7
Dodging        | |  2.6

Action                   || total
-------------------------++-------
Melee: War axe           ||    62
       Kick              ||     5
  Use: Scroll            ||     2
Armor: Leather armour    ||    22
Dodge: Dodged            ||    51

Levels and vault maps discovered:
D:1:      nicolae_arrival_kraken_aquarium_b, layout_basic,
          ebering_ecumenical_altar_petrified
D:2:      minmay_recursive_quarters, layout_basic

Notes
Turn   | Place    | Note
-------+----------+-------------------------------------------
     0 | D:1      | ytrimaz the Demonspawn Gladiator began the quest for the
                  | Orb.
     0 | D:1      | Reached XP level 1. HP: 16/16 MP: 1/1
     0 | D:1      | magus.rc [v1.9.6]
     2 | D:1      | Noticed a spriggan
     2 | D:1      | Noticed a vampire
     2 | D:1      | Noticed a tengu
     2 | D:1      | Noticed a vampire
     2 | D:1      | Noticed a tengu
     2 | D:1      | Noticed a minotaur
     2 | D:1      | Noticed a kraken
     2 | D:1      | Noticed a naga
     2 | D:1      | Noticed a draconian
     2 | D:1      | Noticed a felid
     2 | D:1      | Noticed a gargoyle
     2 | D:1      | Noticed a demonspawn
     2 | D:1      | Noticed a tengu
     4 | D:1      | Killed a naga
     6 | D:1      | Killed a tengu
     7 | D:1      | Killed a tengu
    10 | D:1      | Killed a tengu
    10 | D:1      | Killed a gargoyle
    11 | D:1      | Killed a minotaur
    11 | D:1      | Killed a spriggan
    11 | D:1      | Killed a felid
    13 | D:1      | Killed a demonspawn
    14 | D:1      | Killed a vampire
    14 | D:1      | Killed a vampire
    16 | D:1      | Killed a draconian
   208 | D:1      | Reached skill level 3 in Axes
   208 | D:1      | Gained mutation: You have large cloven feet. [demonic
                  | ancestry]
   208 | D:1      | Reached XP level 2. HP: 23/23 MP: 2/2
   694 | D:1      | Found a faded altar of an unknown god.
  1402 | D:2      | Gained mutation: Spells you cast may paralyse adjacent
                  | enemies. [demonic ancestry]
  1402 | D:2      | Reached XP level 3. HP: 22/28 MP: 3/3
  1402 | D:2      | Quit the game

Vanquished Creatures
  An adder (D:2)
  6 ball pythons
  3 endoplasms
  A giant cockroach (D:1)
  5 hobgoblins (D:1)
  2 kobolds
  2 bats (D:1)
  A frilled lizard (D:2)
  2 rats (D:1)
23 creatures vanquished.

Vanquished Creatures (others)
  A minotaur (D:1)
  A demonspawn (D:1)
  A draconian (D:1)
  A gargoyle (D:1)
  A spriggan (D:1)
  2 vampires (D:1)
  A naga (D:1)
  3 tengu (D:1)
  A felid (D:1)
  An orc (D:1)
  2 kobolds (D:1)
  6 tentacles (D:1)
21 creatures vanquished.

Grand Total: 44 creatures vanquished

Table legend:
 A = Non-vault XP
 B = Vault XP
 C = Vault XP percentage of total XP
 D = Non-vault monster count
 E = Vault monster count
 F = Vault count percentage of total count
                 A         B        C        D         E       F
            +---------+---------+-------+---------+---------+-------
      Total |      50 |       0 |   0.0 |      23 |       0 |   0.0
            +---------+---------+-------+---------+---------+-------
        D:1 |      30 |       0 |   0.0 |      17 |       0 |   0.0
        D:2 |      20 |       0 |   0.0 |       6 |       0 |   0.0
            +---------+---------+-------+---------+---------+-------

Illustrated notes

Table legend:
 A = Kills in this place as a percentage of kills in entire the game.
 B = Kills by you in this place as a percentage of kills by you in the entire game.
 C = Kills by friends in this place as a percentage of kills by friends in the entire game.
 D = Other kills in this place as a percentage of other kills in the entire game.
 E = Experience gained in this place as a percentage of experience gained in the entire game.
 F = Experience gained in this place divided by the number of levels of this place that you have seen.
                   A       B       C       D       E      F
               +-------+-------+-------+-------+-------+----------------------
         Total | 100.0 | 100.0 |   N/A |   N/A | 100.0 |  25.0
       Dungeon | 100.0 | 100.0 |   N/A |   N/A | 100.0 |  25.0
               +-------+-------+-------+-------+-------+----------------------

Table legend: (Time is in decaauts)
 A = Elapsed time spent in this place.
 B = Non-inter-level travel time spent in this place.
 C = Inter-level travel time spent in this place.
 D = Time resting spent in this place.
 E = Time spent auto-exploring this place.
 F = Levels seen in this place.
 G = Mean time per level.
                   A        B        C        D        E       F      G
               +--------+--------+--------+--------+--------+-----+--------+
         Total |   1423 |   1319 |    104 |      0 |   1122 |   2 |  711.5 |
       Dungeon |   1423 |   1319 |    104 |      0 |   1122 |   2 |  711.5 |
               +--------+--------+--------+--------+--------+-----+--------+

Top non-repeatable levels by time:
     D:1: 1216 daAuts
     D:2: 207 daAuts
